 Dungeon Crawl Stone Soup version 0.28.0-53-g5a82cb258f (webtiles) character file.

Game seed: 1436253769022236962

1199 Infinimo the Cudgeller (level 8, 0/51 HPs)
             Began as a Gargoyle Berserker on June 17, 2022.
             Was a Believer of Trog.
             Slain by a soul eater (1 damage)
             ... summoned by a kobold demonologist
             ... on level 5 of the Dungeon.
             The game lasted 00:04:44 (4711 turns).

Infinimo the Cudgeller (Gargoyle Berserker)         Turns: 4711, Time: 00:04:45

Health: 0/51       AC: 16    Str: 28    XL:     8   Next: 44%
Magic:  8/8        EV:  9    Int:  9    God:    Trog [**....]
Gold:   164        SH:  0    Dex:  9    Spells: 7/7 levels left

rFire   . . .      SeeInvis .   l - +0 flail
rCold   + . .      Faith    .   (no shield)
rNeg    + . .      Spirit   .   i - +0 chain mail
rPois   ∞          Reflect  .   (no helmet)
rElec   +          Harm     .   (no cloak)
rCorr   .          Rampage  .   (no gloves)
Will    .....                   n - +0 pair of boots
Stlth   ..........              (no amulet)
HPRegen 0.17/turn               k - ring of protection from cold
MPRegen 0.11/turn               o - +6 ring of strength

@: on berserk cooldown, slowed, very slow
A: sickness immunity, AC +5, negative energy resistance 1, electricity
resistance, torment resistance 1, petrification resistance
a: Renounce Religion, Berserk, Trog's Hand


You were on level 5 of the Dungeon.
You worshipped Trog.
Trog was pleased with you.
You visited 1 branch of the dungeon, and saw 5 of its levels.

You collected 164 gold pieces.

Inventory:

Hand Weapons
 l - a +0 flail (weapon)
Missiles
 b - a throwing net (quivered)
Armour
 i - a +0 chain mail (worn)
 n - a +0 pair of boots (worn)
Jewellery
 k - a ring of protection from cold (left hand)
 o - a +6 ring of strength (right hand)
Scrolls
 a - a scroll of fog
 c - 2 scrolls of magic mapping {unknown}
 e - a scroll of amnesia
 m - a scroll of enchant weapon {unknown}
Potions
 d - a potion of attraction
 f - 2 potions of curing
 g - a potion of flight {unknown}
 h - a potion of mutation {unknown}
 j - a potion of haste {unknown}


   Skills:
 + Level 6.3 Fighting
 * Level 7.6 Maces & Flails
 + Level 5.7 Armour
 - Level 1.5 Dodging


You had 7 spell levels left.
You didn't know any spells.
Your spell library was empty.

Dungeon Overview and Level Annotations

Branches:
Dungeon (5/15)             Temple (0/1) D:5

Altars:

Shops:
D:1 (


Innate Abilities, Weirdness & Mutations

You are immune to sickness and miasma.
Your stone body is resilient. (AC +5)
You are immune to poison.
You resist negative energy. (rN+)
You are resistant to electric shocks. (rElec)
You are resistant to unholy torment.
You are immune to petrification.


Message History

The quasit closely misses you.
The quasit claws you but does no damage.
The quasit barely misses you.
The kobold demonologist hits you but does no damage.
The white imp hits you but does no damage.
The hellwing barely misses you. The hellwing completely misses you.
The soul eater hits you. The quasit barely misses you.
The quasit claws you but does no damage. x2
The kobold demonologist hits you but does no damage.
The kobold brigand barely misses you.
The crimson imp hits you but does no damage.
The white imp closely misses you.
You barely miss the kobold demonologist.
The kobold demonologist is almost dead.
The quasit closely misses you. The quasit barely misses you. x2
The soul eater hits you!
* * * LOW HITPOINT WARNING * * *
The kobold demonologist gestures wildly while chanting.
The quasit bites you but does no damage.
The quasit claws you but does no damage. x2
The kobold demonologist mumbles some strange words.
The kobold brigand barely misses you. The crimson imp misses you.
The white imp gestures at you. The puff of frost misses you.
The puff of frost hits the kobold brigand!
The soul eater barely misses you. x2
You hit the kobold demonologist but do no damage.
The kobold demonologist is almost dead.
The iron imp disappears in a puff of smoke!
The soul eater disappears in a puff of smoke!
The quasit bites you but does no damage.
The quasit claws you but does no damage. x2
The smoke demon gestures at you. Something smites you!
* * * LOW HITPOINT WARNING * * *
The kobold demonologist closely misses you.
The crimson imp hits you but does no damage.
The kobold brigand hits you but does no damage.
The white imp barely misses you. The soul eater hits you.
You die...

.........###### ... ..
..............# .. ...
##............# ##.##.#
...#........... ...#..# ####.##
#####.....3.#######.....# ......#
###.......5§.........##......#
#Z.Z.Z...##..35S......#.....$#
####g#......##5K3K5.............#
#..g.#...#....ZK@4......#.......#
...####........55.(.....#.......#
...# #........4................#
...# #..........#####..##......#
.... ...........# #..# ......#
...: ###........# #.......####
...# (......## #.....#.# ...#
..##... #.....#.# ...##. #
...##...#


You could see a soul eater (summoned), a hellwing (summoned), an ice devil
(summoned), 2 kobold demonologists, a smoke demon (summoned), a kobold brigand,
2 quasits, a crimson imp (summoned), an adder, a white imp (summoned), a shadow
imp (summoned), an ufetubus (summoned) and a hound skeleton.

Vanquished Creatures
  A kobold demonologist (D:5)
  An acid dragon (D:5)
  2 black bears
  A kobold brigand (D:5)
  A wyvern zombie (D:5)
  A wyvern skeleton (D:5)
  A howler monkey (D:5)
  2 hounds (D:4)
  2 gnoll shamans
  Terence (D:2)
  2 iguanas (D:5)
  12 gnolls
  2 adders
  2 adder skeletons (D:4)
  2 worms
  A dart slug (D:2)
  6 ball pythons
  3 bats
  7 endoplasms
  6 giant cockroaches
  4 goblins
  6 hobgoblins
  11 kobolds
  3 quokkas
  2 frilled lizards (D:1)
  2 rats (D:2)
84 creatures vanquished.

Vanquished Creatures (others)
  A plant (D:5)
  2 withered plants (D:5)
3 creatures vanquished.

Grand Total: 87 creatures vanquished

Notes
Turn   | Place    | Note
-------+----------+-------------------------------------------
     0 | D:1      | Infinimo the Gargoyle Berserker began the quest for the
                  | Orb.
     0 | D:1      | Reached XP level 1. HP: 14/14 MP: 1/1
   455 | D:1      | Reached XP level 2. HP: 18/19 MP: 2/2
   761 | D:1      | Found Giefin's Antique Weapon Shoppe.
   980 | D:1      | Reached XP level 3. HP: 23/23 MP: 3/3
  1443 | D:2      | Noticed Terence
  1465 | D:2      | Killed Terence
  1466 | D:2      | Reached skill level 4 in Maces & Flails
  1466 | D:2      | Reached XP level 4. HP: 7/29 MP: 4/4
  2424 | D:3      | You fall into a shaft and drop 1 floor!
  2430 | D:4      | Reached ** piety under Trog
  2496 | D:4      | Reached XP level 5. HP: 32/33 MP: 5/5
  2564 | D:4      | Noticed a black bear
  2579 | D:3      | Killed a black bear
  2580 | D:3      | Reached skill level 5 in Maces & Flails
  3019 | D:3      | Reached XP level 6. HP: 39/39 MP: 6/6
  3856 | D:5      | Entered Level 5 of the Dungeon
  3857 | D:5      | Noticed an acid dragon
  3860 | D:5      | Killed an acid dragon
  3861 | D:5      | Reached skill level 5 in Fighting
  3861 | D:5      | Reached XP level 7. HP: 32/44 MP: 7/7
  3873 | D:5      | Reached skill level 6 in Maces & Flails
  3879 | D:5      | Noticed a kobold demonologist
  4054 | D:5      | Found a staircase to the Ecumenical Temple.
  4475 | D:5      | Reached skill level 5 in Armour
  4636 | D:5      | Reached XP level 8. HP: 51/51 MP: 8/8
  4639 | D:5      | Reached skill level 7 in Maces & Flails
  4647 | D:5      | Noticed a kobold demonologist
  4688 | D:5      | Noticed a kobold demonologist
  4694 | D:5      | Noticed an ice devil
  4694 | D:5      | Noticed a smoke demon
  4695 | D:5      | Noticed a rust devil
  4695 | D:5      | Killed a kobold demonologist
  4695 | D:5      | Noticed a soul eater
  4698 | D:5      | Noticed a hellwing
  4709 | D:5      | Noticed a soul eater
  4711 | D:5      | Noticed an ice devil
  4711 | D:5      | HP: 1/51 [smoke demon/divine providence[a kobold
                  | demonologist] (13)]
  4711 | D:5      | Slain by a soul eater

Illustrated notes

Levels and vault maps discovered:
D:1:      dpeg_arrival_arbitrary_b, layout_loops_ring, serial_shops, shop
D:2:      minmay_door_path, layout_basic, uniq_terence
D:3:      layout_rooms
D:4:      layout_cave_pools, minmay_misc_feat_pillars
D:5:      layout_rooms, grunt_temple_overflow_growth_and_decay,
          minmay_temple_entry_statues_pillars, serial_curves, eino_curves_02,
          eino_curves_02, eino_curves_01, eino_curves_01

Skill      XL: |  1  2  3  4  5  6  7  8 |
---------------+-------------------------+-----
Maces & Flails | 4 5 6 7 |  7.6
Armour         | 3 4 5 |  5.7
Fighting       | 4 5 6 |  6.3
Dodging        | |  1.5

Action                   |  1- 3 |  4- 6 |  7- 9 || total
-------------------------+-------+-------+-------++-------
Melee: Mace              |   107 |   105 |       ||   212
       Punch             |     1 |     2 |       ||     3
       Flail             |       |    23 |    93 ||   116
Invok: Berserk           |     3 |     4 |     4 ||    11
  Use: Scroll            |       |     5 |     1 ||     6
Armor: Animal skin       |    41 |     5 |       ||    46
       Chain mail        |       |    74 |    83 ||   157
Dodge: Dodged            |    65 |    68 |    65 ||   198
